 Dungeon Crawl Stone Soup version 0.19-a0-559-ga3d69d0 (webtiles) character file.

780 shklvsk the Spear-Bearer (level 7, -3/50 HPs)
             Began as a Merfolk Skald on June 7, 2016.
             Was an Initiate of Hepliaklqana.
             Slain by a gnoll
             ... wielding a +0 halberd
              (13 damage)
             ... on level 5 of the Dungeon on June 8, 2016.
             The game lasted 00:16:31 (5212 turns).

shklvsk the Spear-Bearer (Merfolk Skald)            Turns: 5212, Time: 00:16:32

Health: -3/50      AC:  7    Str: 14    XL:     7   Next: 85%
Magic:  1/9        EV: 11    Int: 14    God:    Hepliaklqana [......]
Gold:   181        SH:  0    Dex: 16    Spells: 3 memorised, 4 levels left

rFire  . . .     SeeInvis .     a - +0 spear
rCold  . . .     Gourm    .     h - +0 ring mail
rNeg   . . .     Faith    .     (no shield)
rPois  .         Spirit   .     s - +0 helmet
rElec  .         Dismiss  .     (no cloak)
rCorr  .         Reflect  .     f - +0 pair of gloves
SustAt .         Harm     .     (no boots)
MR     .....                    (no amulet)
Stlth  ++........               (no ring)
                                m - +3 ring of intelligence

@: infused, not resistant to hostile enchantments, unstealthy
A: change form in water, swift swim, agile 1, blurry vision 1, low mp 1
a: Recall Ancestor, Ancestor Identity, Renounce Religion


You were on level 5 of the Dungeon.
You worshipped Hepliaklqana.
Hepliaklqana was noncommittal.
You were very hungry.

You visited 2 branches of the dungeon, and saw 6 of its levels.
You also visited: Sewer.

You collected 181 gold pieces.

Inventory:

Hand Weapons
 a - a +0 spear (weapon)
Missiles
 i - 108 stones (quivered)
 q - 2 javelins
Armour
 f - a +0 pair of gloves (worn)
   (You found it on level 1 of the Dungeon)
 h - a +0 ring mail (worn)
   (You found it on level 1 of the Dungeon)
 s - a +0 helmet (worn)
   (You took it off Robin on level 2 of the Dungeon)
Jewellery
 m - a +3 ring of intelligence (left hand)
   (You found it on level 1 of the Dungeon)
Wands
 t - a wand of digging (1/24)
   (You took it off Robin on level 2 of the Dungeon)
Scrolls
 b - 6 scrolls of remove curse
 g - a scroll of blinking {unknown}
 r - a scroll of identify {unknown}
Potions
 e - a potion of haste {unknown}
 j - a potion of flight
 l - a potion of mutation {!q}
 n - a potion of cure mutation {unknown}
 o - a potion of heal wounds {unknown}
 p - 2 potions of brilliance {unknown}
Books
 c - a book of Battle
Comestibles
 d - 4 bread rations {@e1}
 k - 4 fruits
 u - 2 slices of pizza


   Skills:
 - Level 2.2 Fighting
 * Level 8.1 Polearms
 - Level 0.7 Armour
 - Level 1.5 Dodging
 + Level 4.1 Stealth
 - Level 2.2 Spellcasting
 + Level 3.2 Hexes
 - Level 3.3 Charms
 + Level 2.9 Translocations


You had 4 spell levels left.
You knew the following spells:

 Your Spells              Type           Power        Failure   Level  Hunger
a - Infusion              Chrm           ##..         14%         1    #......
s - Shroud of Golubria    Chrm/Tloc      ##........   21%         2    ###....
z - Spectral Weapon       Hex/Chrm       ##......     41%         3    ###....


Dungeon Overview and Level Annotations

Branches:
Dungeon (5/15)             Temple (1/1) D:5

Altars:
Ashenzari
Cheibriados
Elyvilon
Gozag
Hepliaklqana
Kikubaaqudgha
Makhleb
Nemelex Xobeh
Okawaru
Ru
Sif Muna
Uskayaw
Vehumet
Xom
Zin
The Shining One

Annotations:
D:3 exclusion: Sigmund, Sigmund
D:4 Dowan, Duvessa
D:5 Pikel


Innate Abilities, Weirdness & Mutations

You revert to your normal form in water.
You are very nimble and swift while swimming.
You are agile. (Dex +2)
Scrolls take you a little longer to read.
Your magical capacity is low. (-10% MP)


Message History

The hound bites you but does no damage.
The gnoll hits Kheti with a spear.
Kheti completely misses the gnoll.
The gnoll closely misses you.
You closely miss the hound.
The hound pauses to sniff the ground.
The hound bites you.
You take 1 damage, and have 41/50 hp.
You hit the hound.
The gnoll barely misses Kheti.
Kheti closely misses the gnoll.
The gnoll hits Kheti with a halberd.
The hound barely misses you.
The gnoll hits you from afar with a halberd.
You take 4 damage, and have 37/50 hp.
You now have 7/9 mp.
You hit the hound.
The gnoll barely misses Kheti.
The hound bites you but does no damage.
Kheti hits the gnoll.
Unknown command.
You hit the hound.
The gnoll hits Kheti with a halberd.
The gnoll closely misses you. The hound bites you.
You take 1 damage, and have 36/50 hp.
You now have 6/9 mp.
You barely miss the hound.
The gnoll closely misses Kheti.
Kheti closely misses the gnoll.
The hound closely misses you.
The gnoll hits Kheti with a halberd!
Kheti is destroyed!
You completely miss the gnoll. The gnoll barely misses you.
The hound bites you but does no damage.
You closely miss the gnoll. The gnoll closely misses you.
The hound closely misses you. The gnoll hits you but does no damage.
The gnoll hits you from afar with a spear.
You take 2 damage, and have 34/50 hp.
You hit the gnoll! The hound bites you but does no damage.
The gnoll misses you.
You now have 5/9 mp.
You hit the gnoll.
You kill the gnoll!
Your Stealth skill increases to level 4!
The hound barely misses you. The gnoll closely misses you.
The gnoll hits you but does no damage.
You now have 4/9 mp.
You hit the quokka zombie.
You destroy the quokka zombie!
The hound bites you but does no damage. The gnoll hits you but does no damage.
The gnoll barely misses you.
You now have 3/9 mp.
The hound bites you but does no damage.
You see here a gnoll corpse.
The hound bites you but does no damage.
Your magical infusion is running out.
The hound bites you but does no damage. The hound bites you but does no damage.
You closely miss the hound. The hound bites you but does no damage.
You hit the hound. The hound bites you. The gnoll misses you.
You take 1 damage, and have 35/50 hp.
You now have 3/9 mp.
You hit the hound. The hound bites you but does no damage.
You now have 2/9 mp.
You closely miss the hound. The hound bites you.
The gnoll hits you from afar with a halberd.
You take 4 damage, and have 31/50 hp.
Okay, then.
It was a potion of curing.
You feel better. The hound bites you. The gnoll barely misses you.
The hound closely misses you.
You regained 5 hp, and now have 36/50 hp.
You barely miss the hound.
You are no longer magically infusing your attacks.
The hound bites you but does no damage.
You miss the hound. The gnoll barely misses you. The hound bites you.
You take 4 damage, and have 32/50 hp.
You closely miss the hound. The hound bites you but does no damage.
You hit the hound but do no damage. The gnoll barely misses you.
The hound bites you.
You take 5 damage, and have 27/50 hp.
You hit the hound but do no damage. The hound bites you but does no damage.
The gnoll barely misses you.
You hit the hound but do no damage. The hound bites you but does no damage.
You completely miss the hound. The hound closely misses you.
The gnoll barely misses you.
You completely miss the hound. The hound bites you but does no damage.
You begin infusing your attacks with magical energy.
The hound bites you but does no damage.
The gnoll hits you from afar with a halberd.
You take 5 damage, and have 22/50 hp.
You now have 2/9 mp.
You hit the hound.
You kill the hound!
The gnoll hits you from afar with a halberd.
You take 5 damage, and have 17/50 hp.
You now have 1/9 mp.
The gnoll hits you from afar with a spear.
The gnoll barely misses you.
You see here a hound corpse.
You hit the gnoll. The gnoll hits you but does no damage.
You now have 0/9 mp.
You barely miss the gnoll. The gnoll barely misses you.
The gnoll hits you from afar with a spear!
* * * LOW HITPOINT WARNING * * *
You take 7 damage, and have 10/50 hp.
You hit the gnoll. You hit the gnoll but do no damage.
The gnoll closely misses you. x2
You feel better.
The gnoll hits you from afar with a spear.
* * * LOW HITPOINT WARNING * * *
The gnoll hits you with a halberd.
* * * LOW HITPOINT WARNING * * *
The gnoll hits you from afar with a halberd!
You die...

#.##
#....######
..........#
.. #@# #.
#†# #.. #g#
####..##g#
..$..?..g#
###....###
###..†.#
##.#g# ####
##.#.##


You could see 3 gnolls.

Vanquished Creatures
  An ogre (D:4)
  A big kobold (Sewer)
  A hound (D:5)
  An orc priest (D:3)
  An orc wizard (D:4)
  Jessica (D:3)
  3 worker ants
  A killer bee zombie (D:4)
  Robin (D:2)
  2 gnolls
  4 river rats
  8 adders
  An ooze (D:3)
  An adder skeleton (D:4)
  3 worms
  3 dart slugs
  4 giant geckos
  6 orcs
  7 bats
  6 giant cockroaches
  16 goblins
  4 hobgoblins
  11 jackals
  13 kobolds
  A quokka (D:2)
  A ball python (D:3)
  9 giant newts
  A quokka zombie (D:5)
  8 rats
120 creatures vanquished.

Vanquished Creatures (collateral kills)
  The ghost of Amnesiac the Magician, an amateur DEWz (D:5)
  A giant frog zombie (D:5)
  A hound skeleton (D:5)
3 creatures vanquished.

Vanquished Creatures (others)
  An ancestor (D:5)
1 creature vanquished.

Grand Total: 124 creatures vanquished

Notes
Turn   | Place    | Note
--------------------------------------------------------------
     0 | D:1      | shklvsk the Merfolk Skald began the quest for the Orb.
     0 | D:1      | Reached XP level 1. HP: 16/16 MP: 3/3
    21 | D:1      | HP: 4/16 [kobold/whip (5)]
   261 | D:1      | Upgraded the game from 0.19-a0-526-gbe2e51c to 0.19-a0-559-ga3d69d0
   298 | D:1      | HP: 3/16 [gnoll/club (4)]
   300 | D:1      | Reached XP level 2. HP: 5/22 MP: 0/5
   657 | D:1      | Reached skill level 1 in Stealth
   720 | D:1      | Reached XP level 3. HP: 27/27 MP: 6/6
   724 | D:1      | Learned a level 2 spell: Shroud of Golubria
  1044 | D:2      | Noticed Robin
  1071 | D:1      | Reached skill level 4 in Polearms
  1213 | D:2      | Learned a level 3 spell: Spectral Weapon
  1423 | D:2      | Reached skill level 2 in Stealth
  1433 | D:2      | Reached XP level 4. HP: 28/33 MP: 7/7
  1736 | D:2      | Killed Robin
  1929 | D:2      | Reached skill level 5 in Polearms
  2009 | D:2      | Found a deep blue altar of Sif Muna.
  2009 | D:2      | Found a shattered altar of Ashenzari.
  2010 | D:2      | Found a burning altar of Makhleb.
  2083 | D:3      | Reached skill level 1 in Translocations
  2083 | D:3      | Reached XP level 5. HP: 24/38 MP: 4/8
  2221 | D:3      | Reached skill level 1 in Hexes
  2257 | D:3      | Noticed Jessica
  2258 | D:3      | Found a shimmering altar of Xom.
  2265 | D:3      | Killed Jessica
  2453 | D:3      | Found a glowing drain.
  2536 | Sewer    | Entered a sewer
  2559 | Sewer    | Reached skill level 6 in Polearms
  2826 | Sewer    | Noticed a big kobold
  2869 | Sewer    | Killed a big kobold
  2869 | Sewer    | Reached skill level 3 in Stealth
  2869 | Sewer    | Reached skill level 2 in Hexes
  2869 | Sewer    | Reached XP level 6. HP: 38/44 MP: 9/9
  2923 | Sewer    | Found a white marble altar of Elyvilon.
  3294 | D:3      | Noticed Sigmund
  3756 | D:4      | Noticed Duvessa
  3768 | D:4      | Reached skill level 2 in Translocations
  3786 | D:3      | Reached skill level 7 in Polearms
  3850 | D:3      | Reached XP level 7. HP: 50/50 MP: 10/10
  4117 | D:4      | Noticed Dowan
  4386 | D:4      | HP: 12/50 [ogre/giant spiked club (17)]
  4869 | D:5      | Entered Level 5 of the Dungeon
  4872 | D:5      | Found a staircase to the Ecumenical Temple.
  4881 | Temple   | Entered the Ecumenical Temple
  4968 | Temple   | Became a worshipper of Hepliaklqana
  4983 | D:5      | Noticed Pikel
  5030 | D:4      | You fall through a shaft!
  5043 | D:5      | Noticed Amnesiac's ghost (amateur DEWz)
  5045 | D:5      | Gained mutation: Your magical capacity is low. (-10% MP) [potion of mutation]
  5045 | D:5      | Gained mutation: Scrolls take you a little longer to read. [potion of mutation]
  5045 | D:5      | Gained mutation: You are agile. (Dex +2) [potion of mutation]
  5055 | D:5      | Killed Amnesiac's ghost
  5055 | D:5      | Reached skill level 8 in Polearms
  5055 | D:5      | Reached skill level 3 in Hexes
  5182 | D:5      | Reached skill level 4 in Stealth
  5208 | D:5      | HP: 10/50 [gnoll/spear (7)]
  5212 | D:5      | Slain by a gnoll

Vault maps used:
D:1:      minmay_arrival_three_doors, serial_forest, infiniplex_forest_corner_1,
          infiniplex_forest_lined_corner, infiniplex_forest_clump_long,
          infiniplex_forest_lined_2, infiniplex_forest_lined_3
D:2:      gammafunk_temple_overflow_claw, uniq_robin
D:3:      wad_lake_hut, lemuel_coloured_pillars_altar, first_bread,
          gup_sewer_entry_bubbles, kennysheep_crisscross, minmay_lizard_king,
          uniq_jessica, uniq_sigmund
D:4:      uniq_natasha, uniq_duvessa
D:5:      minmay_temple_entry_grid, uniq_pikel, uniq_edmund
Temple:   circular_temple_12
Sewer:    sewer_kobolds

Skill      XL: |  1  2  3  4  5  6  7 |
---------------+----------------------+-----
Stealth        | 1 2 3 4 |  4.1
Polearms       | 4 5 6 7 8 |  8.1
Translocations | 1 2 |  2.9
Hexes          | 2 3 |  3.2
Fighting       | |  2.2
Armour         | |  0.7
Dodging        | |  1.5
Spellcasting   | |  2.2
Charms         | |  3.3

Action                   |  1- 3 |  4- 6 |  7- 9 || total
-------------------------+-------+-------+-------++-------
Melee: Spear             |   153 |   309 |   141 ||   603
       Tailslap          |       |    13 |     5 ||    18
 Cast: Infusion          |     5 |    11 |     5 ||    21
       Shroud of Golubri |       |     3 |     3 ||     6
Invok: Recall Ancestor   |       |       |     2 ||     2
Evoke: Wand              |       |       |     1 ||     1
  Use: Scroll            |       |     2 |       ||     2
       Potion            |       |     2 |     4 ||     6
 Stab: Sleeping          |     1 |     4 |       ||     5
  Eat: Chunk             |     2 |     8 |     2 ||    12
       Beef jerky        |       |       |     1 ||     1
Armor: Leather armour    |     6 |       |       ||     6
       Ring mail         |    45 |    79 |    46 ||   170
Dodge: Dodged            |    62 |   117 |    74 ||   253

Vault maps used:
D:1:      minmay_arrival_three_doors, serial_forest, infiniplex_forest_corner_1,
          infiniplex_forest_lined_corner, infiniplex_forest_clump_long,
          infiniplex_forest_lined_2, infiniplex_forest_lined_3
D:2:      gammafunk_temple_overflow_claw, uniq_robin
D:3:      wad_lake_hut, lemuel_coloured_pillars_altar, first_bread,
          gup_sewer_entry_bubbles, kennysheep_crisscross, minmay_lizard_king,
          uniq_jessica, uniq_sigmund
D:4:      uniq_natasha, uniq_duvessa
D:5:      minmay_temple_entry_grid, uniq_pikel, uniq_edmund
Temple:   circular_temple_12
Sewer:    sewer_kobolds

Table legend:
 A = Turns spent in this place as a percentage of turns spent in the entire game.
 B = Non-inter-level travel turns spent in this place as a percentage of non-inter-level travel turns spent in the entire game.
 C = Inter-level travel turns spent in this place as a percentage of turns spent in this place.
 D = Turns resting spent in this place as a percentage of non-inter-level travel turns spent in this place.
 E = Turns spent auto-exploring this place as a percentage of non-inter-level travel turns spent in this place.
 F = Non-inter-level travel turns spent in this place divided by the number of levels of this place that you've seen.
                   A       B       C       D       E      F
               +-------+-------+-------+-------+-------+----------------------
         Total | 100.0 | 100.0 |   0.7 |   4.5 |   6.5 | 240.1
       Dungeon |  92.2 |  92.2 |   0.7 |   4.6 |   6.1 | 310.0
        Temple |   2.1 |   2.1 |   2.8 |   0.0 |  22.9 |  35.0
         Sewer |   5.7 |   5.7 |   0.0 |   5.2 |   7.3 |  96.0
               +-------+-------+-------+-------+-------+----------------------

Table legend:
 A = Kills in this place as a percentage of kills in entire the game.
 B = Kills by you in this place as a percentage of kills by you in the entire game.
 C = Kills by friends in this place as a percentage of kills by friends in the entire game.
 D = Other kills in this place as a percentage of other kills in the entire game.
 E = Experience gained in this place as a percentage of experience gained in the entire game.
 F = Experience gained in this place divided by the number of levels of this place that you have seen.
                   A       B       C       D       E      F
               +-------+-------+-------+-------+-------+----------------------
         Total | 100.0 | 100.0 | 100.0 |  -nan | 100.0 | 159.3
       Dungeon |  92.7 |  92.5 | 100.0 |  -nan |  87.3 | 194.6
         Sewer |   7.3 |   7.5 |   0.0 |  -nan |  12.7 | 142.0
               +-------+-------+-------+-------+-------+----------------------
